 Dungeon Crawl Stone Soup version 0.29.1-12-g30fa7ad0bf (webtiles) character file.

Game seed: 15501146880578644959

3892 Yanno the Basher (level 10, -5/82 HPs)
             Began as a Mummy Fighter on Dec 18, 2022.
             Slain by a skeletal warrior
             ... wielding a +0 long sword
              (8 damage)
             ... on level 8 of the Dungeon on Dec 22, 2022.
             The game lasted 01:32:28 (10379 turns).

Yanno the Basher (Mummy Fighter)                   Turns: 10379, Time: 01:32:29

Health: -5/82      AC: 23    Str: 23    XL:     10   Next: 0%
Magic:  10/10      EV:  6    Int:  9    God:
Gold:   457        SH:  5    Dex: 17    Spells: 9/9 levels left

rFire   x . .      SeeInvis .   n - +1 flail (protect)
rCold   + . .      Faith    .   c - +0 buckler
rNeg    + + +      Spirit   .   t - +0 plate armour
rPois   ∞          Reflect  .   (no helmet)
rElec   .          Harm     .   d - +0 cloak
rCorr   .          Rampage  .   (no gloves)
Will    +....                   g - +2 pair of boots
Stlth   ..........              (no amulet)
HPRegen 0.23/turn               j - +6 ring of dexterity
MPRegen 0.12/turn               (no ring)

@: under a protective aura
A: cold resistance 1, negative energy resistance 3, torment resistance 2, heat
vulnerability 1, in touch with death 1, no potions
a: no special abilities


You were on level 8 of the Dungeon.
You visited 1 branch of the dungeon, and saw 9 of its levels.

You collected 477 gold pieces.
You spent 20 gold pieces at shops.

Inventory:

Hand Weapons
 a - a +0 flail
 k - a +0 vampiric dagger
 n - a +1 flail of protection (weapon)
Missiles
 e - 84 stones
 f - 8 poisoned darts (quivered)
Armour
 b - a +0 scale mail
 c - a +0 buckler (worn)
 d - a +0 cloak (worn)
 g - a +2 pair of boots (worn)
 l - the +0 leather armour "Ykkysch" {Will+}
   (You found it on level 2 of the Dungeon)

   Will:      It increases your willpower.
 s - a +0 chain mail
 t - a +0 plate armour (worn)
Jewellery
 j - a +6 ring of dexterity (left hand)
 m - a ring of wizardry
 r - an amulet of faith
Wands
 h - a wand of paralysis (3)
 i - a wand of mindburst (4)
Scrolls
 o - a scroll of identify
 q - a scroll of amnesia


   Skills:
 + Level 8.6 Fighting
 * Level 9.7 Maces & Flails
 + Level 3.8 Armour
 - Level 2.4 Shields


You had 9 spell levels left.
You didn't know any spells.
Your spell library contained the following spells:

 Spells                   Type           Power      Damage    Failure   Level
 Apportation              Tloc           0%         N/A       100%        1
 Foxfire                  Conj/Fire      0%         2x1d4     100%        1
 Necrotise                Necr           0%         1d4       100%        1
 Summon Small Mammal      Summ           0%         N/A       100%        1
 Ensorcelled Hibernation  Hex/Ice        0%         N/A       100%        2
 Conjure Flame            Conj/Fire      0%         6-21      100%        3
 Gell's Gravitas          Tloc           0%         N/A       100%        3
 Inner Flame              Hex/Fire       0%         N/A       100%        3
 Lesser Beckoning         Tloc           0%         N/A       100%        3
 Teleport Other           Tloc           0%         N/A       100%        3
 Anguish                  Hex/Necr       0%         N/A       100%        4
 Flame Wave               Conj/Fire      0%         2d4       100%        4
 Fulminant Prism          Conj/Hex       0%         3d6       100%        4
 Iskenderun's Mystic Bla  Conj/Tloc      0%         2d3       100%        4
 Lee's Rapid Deconstruct  Erth           0%         3d5*      100%        5
 Spider Form              Tmut/Pois      Unusable   N/A       N/A         3

Dungeon Overview and Level Annotations

Branches:
Dungeon (9/15)
 Temple: D:4-7         Lair: D:8-11         Orc: D:9-12

Altars:
Fedhas
Makhleb
Nemelex Xobeh
Vehumet
Xom
Yredelemnul

Shops:
D:1 (   D:3 :(!*!   D:4 *   D:5 (

Annotations:
D:4 2 transporters, Gabide's ghost, novice FoBe
D:5 2 transporters, Jotpek's ghost, novice MiFi


Innate Abilities, Weirdness & Mutations

You are immune to poison.
Your flesh is cold resistant. (rC+)
You are immune to negative energy. (rN+++)
You are immune to unholy pain and torment.
You are vulnerable to heat. (rF-)
You are in touch with the powers of death.
You do not drink.


Message History

The skeletal warrior hits you with a +0 long sword.
The skeletal warrior hits you with a +0 battleaxe!!
The kobold demonologist casts a cantrip, but nothing happens.
You are too injured to fight recklessly!
You are too injured to fight recklessly!
The skeletal warrior barely misses you.
The skeletal warrior hits you but does no damage.
The kobold demonologist casts a spell.
You climb upwards.
There is a stone staircase leading down here.
Aiming: Paralyse
Press: ? - help, Shift-Dir - straight line, f - skeletal warrior
Aim: a skeletal warrior, wielding a +0 battleaxe (chance to affect: 1%)
The skeletal warrior resists with almost no effort.
The skeletal warrior hits you with a +0 long sword!
The skeletal warrior barely misses you.
You are too injured to fight recklessly!
You closely miss the skeletal warrior.
The skeletal warrior is lightly damaged.
The skeletal warrior hits you but does no damage.
The skeletal warrior hits you with a +0 battleaxe!
* * * LOW HITPOINT WARNING * * *
You hit the skeletal warrior but do no damage.
Your weapon exudes an aura of protection.
The skeletal warrior is lightly damaged.
You block the skeletal warrior's attack.
The skeletal warrior hits you with a +0 battleaxe!
* * * LOW HITPOINT WARNING * * *
You sock the skeletal warrior!
The skeletal warrior is moderately damaged.
The skeletal warrior hits you but does no damage.
You block the skeletal warrior's attack.
You closely miss the skeletal warrior.
The skeletal warrior is moderately damaged.
The skeletal warrior hits you but does no damage.
You block the skeletal warrior's attack.
You completely miss the skeletal warrior.
The skeletal warrior is moderately damaged.
The skeletal warrior hits you with a +0 long sword!
You die...

..!...#......#....♣......♣
......'......#....♣♣.._..♣
####'####...####...♣♣...♣♣
#....####...####...#♣♣♣♣♣######
.......#............'♣♣♣#.....#
.......#...........)#...'.....#
.......#...........##..##.....#
###+##.##.##..##(z.##..##.....###
#...##.##.##..##@z.##..#########.
...............).?...............
!..........≈≈≈≈..≈≈≈≈.._..≈≈≈≈..≈
...........[...[.................
..............#........##...####.
...........>..#........'.........
#...##...###.###(..##..#.........
#...##...###.########..#.........
..........#..#.........##...####.


You could see 2 skeletal warriors.

Vanquished Creatures
  A two-headed ogre (D:8)
  Sigmund (D:3)
  2 water moccasins
  2 orc warriors (D:7)
  2 black bears
  An ice beast (D:6)
  2 ogres (D:4)
  4 centaurs
  2 phantoms (D:6)
  2 bullfrogs
  A gnoll sergeant (D:4)
  2 scorpions
  6 wights
  3 killer bees
  4 howler monkeys
  4 crimson imps (D:5)
  2 hounds (D:6)
  3 orc priests
  2 gnoll boudas
  A jelly (D:6)
  Jessica (D:2)
  2 orc wizards (D:7)
  4 iguanas
  23 gnolls
  4 adders
  A shadow imp (D:6)
  2 white imps
  An ufetubus (D:5)
  A worm (D:2)
  11 dart slugs
  9 orcs
  4 ball pythons
  5 endoplasms
  4 giant cockroaches
  7 goblins
  6 hobgoblins
  8 jackals
  4 quokkas
  2 bats (D:1)
  3 frilled lizards
  14 kobolds
  8 rats
171 creatures vanquished.

Notes
Turn   | Place    | Note
-------+----------+-------------------------------------------
     0 | D:1      | Yanno the Mummy Fighter began the quest for the Orb.
     0 | D:1      | Reached XP level 1. HP: 18/18 MP: 1/1
   178 | D:1      | Reached skill level 2 in Maces & Flails
   183 | D:1      | Reached XP level 2. HP: 24/24 MP: 2/2
   643 | D:1      | Gained mutation: You are in touch with the powers of death.
                  | [Mummy growth]
   643 | D:1      | Reached XP level 3. HP: 29/29 MP: 3/3
   694 | D:1      | Found Mouschye's Antique Weapon Emporium.
   742 | D:1      | Found a faded altar of an unknown god.
  1467 | D:2      | Identified the +0 leather armour "Ykkysch" {Will+}
  1497 | D:2      | Noticed Jessica
  1502 | D:2      | Killed Jessica
  1503 | D:2      | Reached skill level 3 in Maces & Flails
  1503 | D:2      | Reached XP level 4. HP: 37/37 MP: 4/4
  2606 | D:2      | Reached XP level 5. HP: 37/42 MP: 5/5
  2675 | D:3      | Found Qysynueqio's Distillery.
  2813 | D:3      | Noticed Sigmund
  2818 | D:3      | Found Janobb's Book Shoppe.
  2830 | D:3      | Killed Sigmund
  2831 | D:3      | Reached skill level 4 in Maces & Flails
  2831 | D:3      | Reached XP level 6. HP: 49/49 MP: 6/6
  2878 | D:3      | Found Jatweah's Antique Weapon Emporium.
  3265 | D:3      | Found Vefequl's Distillery.
  3307 | D:3      | Found Xeceuze's Assorted Antiques.
  3658 | D:4      | Reached skill level 5 in Fighting
  3658 | D:4      | Reached skill level 5 in Maces & Flails
  3753 | D:4      | Reached XP level 7. HP: 40/56 MP: 7/7
  4309 | D:4      | Noticed Gabide's ghost (novice FoBe)
  4311 | D:4      | Found a transporter.
  4415 | D:4      | Found a transporter.
  4424 | D:4      | Found Poemel's General Store.
  4432 | D:4      | Bought a scroll of identify for 20 gold pieces
  4639 | D:5      | Entered Level 5 of the Dungeon
  4954 | D:4      | Reached skill level 6 in Maces & Flails
  5075 | D:5      | Found Izijuq's Weapon Shoppe.
  5369 | D:5      | Found a shimmering altar of Xom.
  5399 | D:5      | Found a radiant altar of Vehumet.
  5418 | D:5      | Found a basalt altar of Yredelemnul.
  5446 | D:5      | Found a blossoming altar of Fedhas.
  5489 | D:5      | Reached XP level 8. HP: 60/64 MP: 8/8
  5770 | D:5      | Found a transporter.
  5771 | D:5      | Identified the +3 dire flail of Makhleb's Respect {flame,
                  | SInv}
  5771 | D:5      | Noticed Jotpek's ghost (novice MiFi)
  5776 | D:5      | Found a transporter.
  6005 | D:6      | Reached skill level 7 in Maces & Flails
  6015 | D:6      | Found a burning altar of Makhleb.
  7147 | D:7      | Reached skill level 8 in Maces & Flails
  7370 | D:7      | Reached XP level 9. HP: 59/72 MP: 9/9
  8668 | D:8      | Found a sparkling altar of Nemelex Xobeh.
  8745 | D:8      | Reached skill level 9 in Maces & Flails
  9494 | D:9      | Noticed a kobold demonologist
  9496 | D:9      | Noticed a two-headed ogre
  9504 | D:9      | Noticed an orange demon
 10000 | D:8      | Killed a two-headed ogre
 10306 | D:9      | Noticed a skeletal warrior
 10365 | D:8      | Reached XP level 10. HP: 82/82 MP: 10/10
 10368 | D:9      | Noticed a skeletal warrior
 10368 | D:9      | Noticed a skeletal warrior
 10376 | D:8      | HP: 2/82 [skeletal warrior/+0 battleaxe (8)]
 10379 | D:8      | Slain by a skeletal warrior

Illustrated notes

Levels and vault maps discovered:
D:1:      zelgadis_glass_arrival_small, layout_loops_ring,
          shapermc_ecumenical_altar_flowoftime, serial_shops, shop
D:2:      layout_loops_corners, minmay_misc_feat_encased, st_stairs_8,
          serial_bayou_pond_b, grunt_decor_cap, uniq_jessica
D:3:      kennysheep_slugbush, layout_loops_ring, serial_shops, shop, shop,
          shop, shop, nicolae_shop_advertising_works
          [nicolae_subvault_shop_adworks], corexii_item_surrounded_by_moat,
          uniq_sigmund
D:4:      layout_basic, minmay_temple_entry_from_below_a, serial_shops,
          nicolae_square_shop, gammafunk_ghost_mausoleum,
          chequers_serial_rivers_micro_a
D:5:      layout_rooms, grunt_temple_overflow_open, led_xom_imps,
          lemuel_doored_altar, gammafunk_ghost_smash, serial_shops,
          nicolae_shop_temple_entry_statues_fountains
D:6:      layout_loops_cross, makhleb_blood_cavern_becter, minivault_22,
          nicolae_sextant
D:7:      layout_cave_pools
D:8:      layout_gridville, good_gods_temple_1, mainiacjoe_overflow_boulevard,
          minivault_10
D:9:      layout_big_octagon, mainiacjoe_overflow_concentric_impassable

Skill      XL: |  1  2  3  4  5  6  7  8  9 |
---------------+----------------------------+-----
Maces & Flails | 2 3 4 5 6 8 9 |  9.7
Fighting       | 4 5 6 7 8 |  8.6
Armour         | 3 |  3.8
Shields        | |  2.4

Action                   |  1- 3 |  4- 6 |  7- 9 | 10-12 || total
-------------------------+-------+-------+-------+-------++-------
Melee: Flail             |    97 |   139 |   477 |    10 ||   723
Throw: Dart              |       |       |     3 |       ||     3
Evoke: Wand              |       |     4 |    30 |     1 ||    35
  Use: Scroll            |     3 |     7 |    13 |       ||    23
 Stab: Paralysed         |       |     7 |     5 |       ||    12
Armor: Scale mail        |    45 |    69 |   185 |       ||   299
       Plate armour      |       |       |   151 |     6 ||   157
       Chain mail        |       |       |     4 |       ||     4
Dodge: Dodged            |    31 |    60 |   222 |     3 ||   316
Block: Buckler           |    16 |    39 |   134 |     4 ||   193
